 Dungeon Crawl Stone Soup version 0.28.0-53-g5a82cb258f (webtiles) character file.

Game seed: 6241590522047364220

13 Peloso the Covered (level 2, 27/27 HPs)
             Began as a Minotaur Fighter on June 4, 2022.
             Got out of the dungeon alive.
             The game lasted 00:00:56 (359 turns).

Peloso the Covered (Minotaur Fighter)                Turns: 359, Time: 00:00:57

Health: 27/27      AC:  7    Str: 20    XL:     2   Next: 24%
Magic:  1/1        EV:  9    Int:  5    God:
Gold:   12         SH:  4    Dex:  9    Spells: 1/1 levels left

rFire   . . .      SeeInvis .   a - +0 long sword
rCold   . . .      Faith    .   c - +0 buckler
rNeg    . . .      Spirit   .   h - +0 scale mail
rPois   .          Reflect  .   (helmet restricted)
rElec   .          Harm     .   (no cloak)
rCorr   .          Rampage  .   (no gloves)
Will    .....                   (no boots)
Stlth   ..........              (no amulet)
HPRegen 0.09/turn               (no ring)
MPRegen 0.07/turn               (no ring)

@: no status effects
A: horns 2, retaliatory headbutt
a: no special abilities


You escaped.
You visited 1 branch of the dungeon, and saw 1 of its levels.

You collected 12 gold pieces.

Inventory:

Hand Weapons
 a - a +0 long sword (weapon)
 b - a +1 war axe of flaming
Armour
 c - a +0 buckler (worn)
 h - a +0 scale mail (worn)
Scrolls
 f - a scroll of identify {unknown}
Potions
 d - a potion of might
 e - a potion of degeneration {unknown}
 g - a potion of heal wounds {unknown}


   Skills:
 + Level 3.9 Fighting
 + Level 2.5 Long Blades
 + Level 4.0 Armour
 + Level 3.8 Shields


You had one spell level left.
You didn't know any spells.
Your spell library contained the following spells:

 Spells                   Type           Power      Damage    Failure   Level
 Scorch                   Fire           0%         2d5       96%         2
 Flame Wave               Conj/Fire      0%         2d4       100%        4
 Summon Cactus Giant      Summ           0%         N/A       100%        6


Dungeon Overview and Level Annotations

Branches:
Dungeon (1/15)

Altars:


Innate Abilities, Weirdness & Mutations

You have a pair of horns on your head.
You reflexively headbutt those who attack you in melee.


Message History

You drop a +0 scale mail.
You see here a +1 war axe of flaming.
b - a +1 war axe of flaming You see here a +0 scale mail.
h - a +0 scale mail You start putting on your armour.
You continue putting on your +0 scale mail. x4
You finish putting on your +0 scale mail.
A hobgoblin comes into view.
The hobgoblin shouts!
A hobgoblin is nearby!
A hobgoblin comes into view.
The hobgoblin shouts!
You hit the hobgoblin.
The hobgoblin is lightly wounded.
The hobgoblin hits you.
You hit the hobgoblin. Your headbutt misses the hobgoblin.
The hobgoblin is heavily wounded.
The hobgoblin closely misses you. You furiously retaliate!
You headbutt the hobgoblin.
You kill the hobgoblin!
You see here a hobgoblin corpse.
You closely miss the hobgoblin.
The hobgoblin hits you but does no damage. x2
You closely miss the hobgoblin. The hobgoblin hits you.
You barely miss the hobgoblin. You headbutt the hobgoblin.
The hobgoblin is almost dead.
The hobgoblin hits you.
You hit the hobgoblin.
You kill the hobgoblin!
(D) Dungeon
Where to? (? - help)
What level of the Dungeon? (default 1, ? - help)
You see here a hobgoblin corpse.
Found a stone staircase leading down.
There is a stone staircase leading down here.
HP restored.
There is a staircase leading out of the dungeon here.
Are you sure you want to leave the Dungeon?
This will make you lose the game!
You have escaped!

####### ##.....##
##.#####.#
#..8≈8≈8.###
#@.≈≈≈≈≈...#####
#..8≈8≈8.#.....###
##.#####.###......
##. .## #...##. ##
## ##.###. #.# #.
#.###. #.....
#####.


There were no monsters in sight!

Vanquished Creatures
  A dart slug (D:1)
  3 ball pythons (D:1)
  3 hobgoblins (D:1)
  2 kobolds (D:1)
  A rat (D:1)
10 creatures vanquished.

Notes
Turn   | Place    | Note
-------+----------+-------------------------------------------
     0 | D:1      | Peloso the Minotaur Fighter began the quest for the Orb.
     0 | D:1      | Reached XP level 1. HP: 19/19 MP: 0/0
   134 | D:1      | Reached skill level 4 in Armour
   134 | D:1      | Reached XP level 2. HP: 27/27 MP: 1/1
   359 | D:$      | Got out of the dungeon alive.

Illustrated notes

Levels and vault maps discovered:
D:1:      lightli_arrival_statue_moat, layout_loops_ring,
          hellmonk_ecumenical_altar_leap_of_faith,
          minmay_misc_feat_more_columns, minmay_misc_feat_alley, minmay_bisected

Skill      XL: |  1 |
---------------+----+-----
Armour         | 4 |  4.0
Fighting       | |  3.9
Long Blades    | |  2.5
Shields        | |  3.8

Action                   || total
-------------------------++-------
Melee: Long sword        ||    21
       Headbutt          ||     2
Armor: Scale mail        ||     9
Dodge: Dodged            ||     6
Block: Buckler           ||     3
